AoeStats
← Form 1040

Arena

510301445Analyzed
4v4 RM · 2d ago on Sep 30, 2026· 35m 11s· 8 players
Game mode
Random Map
Map size
Large (8 player)
Population
200
Speed
Normal
Resources
Standard
Victory
Conquest
Starting age
Dark Age
Ending age
Imperial Age
RankedLock teamsTeams togetherTeam positionsShared explorationLock speedFull tech treeHidden civsTurbo modeCheats
Victory
Defeat
🇨🇳 Spanish · China
1869
+5
🇨🇳 Persians · China
1601
+14
🇨🇳 Burmese · China
1552
+15
🇯🇵 Britons · Japan
1274
+83
🇸🇮 Bengalis · Slovenia
1560
-15
🇨🇳 Khmer · China
1555
-15
🇹🇼 Japanese · Taiwan
1547
-15
🇨🇳 Bulgarians · China
1527
-14
菜就怪隊友
9:52 Feudal Age
11:43 Loom
14:45 Castle Age
13:10 Double-Bit Axe
13:56 Horse Collar
15:54 Fletching
19:50 Town Watch
22:35 Bodkin Arrow
27:05 Scale Mail Armor
29:30 Padded Archer Armor
33:50 Wheelbarrow
33:48 Leather Archer Armor
33:40 Thumb Ring
35:18 Bow Saw
35:11 Heavy Plow
苏东坡的粉丝
10:59 Feudal Age
12:33 Loom
15:04 Castle Age
13:20 Double-Bit Axe
13:45 Horse Collar
14:48 Gold Mining
15:48 Stone Mining
16:48 Bow Saw
22:13 Wheelbarrow
21:58 Heavy Plow
24:07 Hand Cart
25:11 Gold Shaft Mining
25:14 Stone Shaft Mining
29:51 Imperial Age
27:33 Gambesons
28:01 Scale Mail Armor
28:12 Forging
28:45 Squires
29:03 Chain Mail Armor
29:39 Iron Casting
29:23 Murder Holes
29:43 Masonry
30:03 Fletching
31:52 Plate Mail Armor
32:23 Blast Furnace
31:46 Conscription
31:27 Bagains
32:45 Bagains
33:39 Onager
goths king
11:04 Feudal Age
14:01 Castle Age
11:52 Double-Bit Axe
11:55 Horse Collar
19:22 Bow Saw
23:49 Gold Mining
23:49 Stone Mining
23:49 Gold Mining
23:49 Stone Mining
24:03 Loom
27:13 Gold Shaft Mining
27:13 Stone Shaft Mining
27:13 Gold Shaft Mining
27:13 Stone Shaft Mining
26:43 Heavy Plow
27:23 Wheelbarrow
31:32 Imperial Age
29:20 Scale Barding Armor
30:34 Chain Barding Armor
30:25 Forging
30:30 Tusk Swords
30:20 Town Watch
30:56 Hand Cart
31:17 Bloodlines
31:07 Husbandry
32:44 Conscription
33:00 Plate Barding Armor
33:01 Iron Casting
33:35 Masonry
Eye
10:47 Feudal Age
14:57 Castle Age
13:08 Horse Collar
13:13 Double-Bit Axe
24:06 Loom
25:24 Wheelbarrow
29:09 Imperial Age
27:32 Bow Saw
27:23 Heavy Plow
27:15 Fletching
27:47 Ballistics
27:51 Bodkin Arrow
27:56 Padded Archer Armor
28:11 Stone Mining
28:11 Gold Mining
29:32 Leather Archer Armor
29:31 Bloodlines
29:13 Elite Elephant Archer
31:11 Conscription
30:55 Bracer
32:03 Ring Archer Armor
32:52 Chemistry
32:17 Paiks
32:47 Masonry
33:12 Husbandry
33:52 Murder Holes
34:27 Pikeman
35:07 Squires
35:08 Scale Mail Armor
35:19 Forging
爱种田的太奶
10:33 Feudal Age
11:08 Loom
11:31 Double-Bit Axe
14:27 Castle Age
13:19 Horse Collar
15:21 Bow Saw
25:12 Wheelbarrow
29:26 Hand Cart
29:46 Heavy Plow
30:11 Town Watch
33:49 Imperial Age
31:12 Gold Mining
31:54 Fletching
32:46 Bodkin Arrow
33:12 Ballistics
33:39 Sanctity
34:16 Fervor
35:14 Illumination
35:05 Block Printing
35:31 Theocracy
灰色的鱼
10:42 Feudal Age
11:27 Double-Bit Axe
14:22 Castle Age
12:42 Horse Collar
16:24 Bow Saw
17:19 Loom
20:17 Wheelbarrow
21:12 Loom
21:48 Hand Cart
22:34 Heavy Plow
23:44 Gold Mining
23:47 Stone Mining
24:53 Town Watch
28:03 Imperial Age
28:31 Scale Barding Armor
28:36 Forging
29:24 Conscription
29:44 Gold Shaft Mining
29:44 Stone Shaft Mining
30:38 Scale Mail Armor
31:00 Chain Barding Armor
31:16 Iron Casting
30:18 Cavalier
31:26 Bloodlines
31:17 Husbandry
31:26 Savar
33:01 Plate Barding Armor
33:38 Two-Man Saw
33:25 Masonry
34:56 Hoardings
Hotaru猪
11:01 Feudal Age
14:48 Castle Age
13:03 Horse Collar
16:55 Wheelbarrow
23:55 Heavy Plow
23:43 Loom
25:16 Hand Cart
26:49 Scale Barding Armor
26:54 Forging
29:34 Imperial Age
27:44 Bloodlines
27:35 Husbandry
28:00 Chain Barding Armor
29:44 Iron Casting
29:49 Elite Battle Elephant
31:35 Plate Barding Armor
31:17 Howdah
30:53 Light Cavalry
31:38 Devotion
32:54 Blast Furnace
32:36 Capped Ram
34:37 Chemistry
35:21 Crop Rotation
Form 1040
10:26 Feudal Age
11:29 Double-Bit Axe
11:53 Horse Collar
14:30 Castle Age
15:31 Bow Saw
16:00 Wheelbarrow
15:27 Heavy Plow
21:07 Hand Cart
20:51 Gold Mining
22:46 Gold Shaft Mining
26:35 Imperial Age
24:04 Fletching
25:09 Bodkin Arrow
25:14 Padded Archer Armor
25:36 Ballistics
26:02 Crossbowman
27:20 Bracer
27:36 Leather Archer Armor
26:47 Arbalester
28:45 Chemistry
28:46 Leather Archer Armor
30:16 Yeomen
30:16 Conscription
32:00 Caravan
33:06 Ring Archer Armor
32:47 Forging
32:18 Capped Ram
34:27 Siege Engineers
34:53 Pikeman
35:34 Squires
Connection lost

Rejoining the realm…

Still unreachable

The connection could not be restored.

Session expired

The server has moved on; the page needs a fresh start.